 Dungeon Crawl Stone Soup version 0.24.0-125-gc4c63601f3 (webtiles) character file.

Game seed: 4239001400804258478, levelgen mode: deterministic

166 LraC the Slinger (level 5, -7/34 HPs)
             Began as a Halfling Hunter on Mar 10, 2020.
             Mangled by a worm (11 damage)
             ... on level 3 of the Dungeon.
             The game lasted 00:09:31 (1694 turns).

LraC the Slinger (Halfling Hunter)                  Turns: 1694, Time: 00:09:31

Health: -7/34      AC:  4    Str: 10 (13) XL:     5   Next: 76%
Magic:  5/5        EV: 14    Int: 10      God:
Gold:   87         SH:  0    Dex:  8 (9)  Spells: 4/4 levels left

rFire    . . .     SeeInvis .   b - +0 short sword
rCold    . . .     Gourm    .   (shield restricted)
rNeg     . . .     Faith    .   c - +0 leather armour
rPois    .         Spirit   .   f - +0 helmet
rElec    .         Reflect  .   (no cloak)
rCorr    .         Harm     .   (no gloves)
MR       .....                  (no boots)
Stlth    +.........             (no amulet)
HPRegen  0.11/turn              g - -6 ring of dexterity (curse)
MPRegen  0.09/turn              (no ring)

@: no status effects
A: small, mutation resistance 1
a: no special abilities


You were on level 3 of the Dungeon.
You were not hungry.

You visited 1 branch of the dungeon, and saw 3 of its levels.

You collected 87 gold pieces.

Inventory:

Hand Weapons
 a - a +2 hunting sling
 b - a +0 short sword (weapon)
Missiles
 e - 12 stones (quivered)
Armour
 c - a +0 leather armour (worn)
 f - a +0 helmet (worn)
Jewellery
 g - a cursed -6 ring of dexterity (left hand)
Scrolls
 h - 2 scrolls of amnesia


   Skills:
 + Level 2.1 Fighting
 + Level 9.1 Slings
 + Level 0.5 Armour
 + Level 2.3 Dodging
 + Level 1.1 Stealth


You had 4 spell levels left.
You didn't know any spells.
Your spell library was empty.

Dungeon Overview and Level Annotations

Branches:
Dungeon (3/15)

Altars:
Ru
Wu Jian


Innate Abilities, Weirdness & Mutations

You are small and have problems with some larger weapons.
You are somewhat resistant to further mutation.


Message History

The stone hits the worm but does no damage.
The worm is severely wounded.
Throwing (i - inventory)
e - 15 stones (quivered)
Press: ? - help, Shift-Dir - straight line, f/p - worm
Aim: a worm (severely wounded)
You throw a stone. The stone hits the worm.
The worm is severely wounded.
The worm closely misses you.
Throwing (i - inventory)
e - 14 stones (quivered)
Press: ? - help, Shift-Dir - straight line, f/p - worm
Aim: a worm (severely wounded)
You throw a stone. The stone barely misses the worm.
Throwing (i - inventory)
e - 13 stones (quivered)
Press: ? - help, Shift-Dir - straight line, f/p - worm
Aim: a worm (severely wounded)
You throw a stone. The stone hits the worm.
The worm is almost dead.
You feel a little less mighty now. The worm bites you!
You die...

#.....## #......#
##((..( #......#
.(..... #......#
.((.... #..†...####
....... #.........#
(...... #..)...##.#
(......
#.........##w......
#.....#####@.......
#####.#
#)###.###.....
#.#####.# #. .... .
#.....#†###.###...
..
#####.#(..#......
.). #..#.###.#.....
.. #....#
#.#..#.##.#
##.#####.##.#....#
#.##....##...##


You could see a worm.

Vanquished Creatures
  A howler monkey (D:2)
  Terence (D:2)
  Robin (D:3)
  2 adders (D:2)
  2 worms (D:2)
  2 dart slugs
  5 bats
  3 giant cockroaches
  17 goblins
  12 hobgoblins
  4 kobolds
  A ball python (D:2)
  5 frilled lizards
  6 rats
62 creatures vanquished.

Notes
Turn   | Place    | Note
-------+----------+-------------------------------------------
     0 | D:1      | LraC the Halfling Hunter began the quest for the Orb.
     0 | D:1      | Reached XP level 1. HP: 14/14 MP: 1/1
    19 | D:1      | Reached skill level 6 in Slings
    37 | D:1      | Reached XP level 2. HP: 19/19 MP: 2/2
   449 | D:1      | Reached XP level 3. HP: 24/24 MP: 3/3
   523 | D:1      | Reached skill level 7 in Slings
   983 | D:2      | Noticed Terence
   989 | D:2      | Killed Terence
   989 | D:2      | Reached skill level 8 in Slings
   989 | D:2      | Reached XP level 4. HP: 19/29 MP: 4/4
  1060 | D:2      | Reached XP level 5. HP: 29/34 MP: 5/5
  1087 | D:2      | Found an ornate altar of the Wu Jian Council.
  1316 | D:2      | Found a sacrificial altar of Ru.
  1627 | D:3      | Noticed Robin
  1654 | D:3      | Killed Robin
  1654 | D:3      | Reached skill level 9 in Slings
  1694 | D:3      | Mangled by a worm

Levels and vault maps discovered:
D:1:      scummos_arrival_simple_crosswalls, layout_loops_corners,
          grunt_decor_clamped, minmay_misc_feat_more_columns
D:2:      layout_loops_ring, lemuel_doored_altar,
          nicolae_overflow_crystal_walls, minmay_misc_feat_secret_circle,
          grunt_ministairs_3, st_stairs_12, uniq_terence
D:3:      layout_basic, marbit_many_paths, amethyst_overflow_temple_binary,
          uniq_robin

Skill      XL: |  1  2  3  4  5 |
---------------+----------------+-----
Slings         | 6 8 9 |  9.1
Fighting       | 2 |  2.1
Armour         | |  0.5
Dodging        | |  2.3
Stealth        | |  1.1

Action                   |  1- 3 |  4- 6 || total
-------------------------+-------+-------++-------
Melee: Short sword       |       |     1 ||     1
 Fire: Hunting sling     |    56 |    88 ||   144
Throw: Stone             |       |    22 ||    22
       Dart              |       |     1 ||     1
  Use: Potion            |     3 |     4 ||     7
       Scroll            |     2 |     2 ||     4
  Eat: Ration            |       |     1 ||     1
Armor: Leather armour    |     1 |     8 ||     9
Dodge: Dodged            |     3 |    27 ||    30
